BSA
SPRINGFIELD STARS @ FRESNO DEPLORABLES
08/21/2026
 
TOP OF THE 1ST
Springfield Stars batting - Pitching for Portland Cards : LHP Allan Bader
Pitching: LHP Allan Bader
Batting: RHB Calvin Bennett 0-0: Ball
1-0: Ball
2-0: Called Strike
2-1: Called Strike
2-2: Ball
3-2: Base on Balls
Batting: RHB Norberto Taváres 0-0: Ball
Calvin Bennett steals 2nd base
1-0: Swinging Strike
1-1: Ball
2-1: Foul Ball, location: 2F
2-2: Ball
3-2: Foul Ball, location: 2F
3-2: Foul Ball, location: 2F
3-2: Ground out 5-3 (Groundball, 5)
Batting: LHB Derek Davidson 0-0: Ball
1-0: Ball
2-0: Called Strike
2-1: Foul Ball, location: 2F
2-2: Strikes out looking
Batting: LHB Felipe Guerrero 0-0: Foul Ball, location: 2F
0-1: Ball
1-1: Ground out 1-3 (Groundball, 15)
Top of the 1st over - 0 run(s), 0 hit(s), 0 error(s), 1 left on base; Springfield 0 - Portland 0
BOTTOM OF THE 1ST
Portland Cards batting - Pitching for Springfield Stars : LHP Joaquín Gonzáles
Pitching: LHP Joaquín Gonzáles
Batting: RHB Germán Rosales 0-0: Ball
1-0: Foul Ball, location: 2F
1-1: Called Strike
1-2: Ball
2-2: Strikes out looking
Batting: RHB Aaron Scott 0-0: Foul Ball, location: 2F
0-1: Foul Ball, location: 2F
0-2: Ball
1-2: Ground out 1-5-3 (Groundball, 15S)
Batting: LHB Jeff Daniels 0-0: Called Strike
0-1: Ball
1-1: Called Strike
1-2: Foul Ball, location: 2F
1-2: Strikes out swinging
Bottom of the 1st over - 0 run(s), 0 hit(s), 0 error(s), 0 left on base; Springfield 0 - Portland 0
TOP OF THE 2ND
Springfield Stars batting - Pitching for Portland Cards : LHP Allan Bader
Batting: RHB Juan Rodríguez 0-0: Ball
1-0: Foul Ball, location: 2F
1-1: Ball
2-1: Called Strike
2-2: Foul Ball, location: 2F
2-2: Ball
3-2: Foul Ball, location: 2F
3-2: Foul Ball, location: 2F
3-2: Ground out 6-3 (Groundball, 56)
Batting: SHB Shane Hutchinson 0-0: Called Strike
0-1: Swinging Strike
0-2: Foul Ball, location: 2F
0-2: SINGLE (Line Drive, 7S)
Batting: LHB Ryan Drake 0-0: Ball
1-0: Called Strike
1-1: Called Strike
1-2: Ball
2-2: Fly out, F6 (Line Drive, 6)
Batting: RHB Alberto Campos 0-0: Called Strike
0-1: Ball
1-1: Hit by Pitch
Shane Hutchinson to second
Batting: LHB Jesús Tobías 0-0: Ball
1-0: SINGLE (Line Drive, 4MD)
Shane Hutchinson to third
Alberto Campos to second
Batting: RHB Calvin Bennett 0-0: Ball
1-0: Called Strike
1-1: Swinging Strike
1-2: Strikes out looking
Top of the 2nd over - 0 run(s), 2 hit(s), 0 error(s), 3 left on base; Springfield 0 - Portland 0
BOTTOM OF THE 2ND
Portland Cards batting - Pitching for Springfield Stars : LHP Joaquín Gonzáles
Batting: RHB Paco Arellano 0-0: Fly out, F9 (Popup, 34D)
Batting: LHB Paul Mullins 0-0: Ball
1-0: Ball
2-0: Ball
3-0: Base on Balls
Batting: LHB Tom Blake 0-0: Swinging Strike
0-1: Foul Ball, location: 2F
0-2: 2-RUN HOME RUN (Flyball, 89XD), Distance : 376 ft
Batting: RHB Lonson Seals 0-0: Called Strike
0-1: Called Strike
0-2: Ball
1-2: Ball
2-2: Ground out 1-3 (Groundball, 25)
Batting: LHB Donovan Bird 0-0: SINGLE (Groundball, 5D)
Batting: RHB Dani Vázquez 0-0: Fly out, F9 (Flyball, 9M)
Bottom of the 2nd over - 2 run(s), 2 hit(s), 0 error(s), 1 left on base; Springfield 0 - Portland 2
TOP OF THE 3RD
Springfield Stars batting - Pitching for Portland Cards : LHP Allan Bader
Batting: RHB Norberto Taváres 0-0: Foul Ball, location: 2F
0-1: Ball
1-1: Ball
2-1: Ground out 5-3 (Groundball, 5L)
Batting: LHB Derek Davidson 0-0: Called Strike
0-1: Ball
1-1: Foul Ball, location: 2F
1-2: Ground out 1-3 (Groundball, 13)
Batting: LHB Felipe Guerrero 0-0: Foul Ball, location: 2F
0-1: Ball
1-1: Ground out 1-3 (Groundball, 15)
Top of the 3rd over - 0 run(s), 0 hit(s), 0 error(s), 0 left on base; Springfield 0 - Portland 2
BOTTOM OF THE 3RD
Portland Cards batting - Pitching for Springfield Stars : LHP Joaquín Gonzáles
Batting: RHB Germán Rosales 0-0: Ball
1-0: Foul Ball, location: 2F
1-1: Ball
2-1: Called Strike
2-2: Foul Ball, location: 2F
2-2: Ball
3-2: Ground out 1-3 (Groundball, 15S)
Batting: RHB Aaron Scott 0-0: Called Strike
0-1: Foul Ball, location: 2F
0-2: Hit by Pitch
Batting: LHB Jeff Daniels 0-0: Called Strike
0-1: Called Strike
Pickoff Throw by Catcher to First - Error! E2
Aaron Scott to second
0-2: Ball
1-2: Strikes out swinging
Batting: RHB Paco Arellano 0-0: Ball
1-0: Ball
2-0: Ball
3-0: Base on Balls
Batting: LHB Paul Mullins 0-0: Ball
1-0: Called Strike
1-1: Called Strike
1-2: Strikes out looking
Bottom of the 3rd over - 0 run(s), 0 hit(s), 1 error(s), 2 left on base; Springfield 0 - Portland 2
TOP OF THE 4TH
Springfield Stars batting - Pitching for Portland Cards : LHP Allan Bader
Batting: RHB Juan Rodríguez 0-0: Ball
1-0: Ball
2-0: Foul Ball, location: 2F
2-1: Ball
3-1: Base on Balls
Batting: SHB Shane Hutchinson 0-0: Called Strike
0-1: Ball
1-1: SINGLE (Flyball, 89S)
Juan Rodríguez to second
Batting: LHB Ryan Drake 0-0: Called Strike
0-1: Foul Ball, location: 2F
0-2: Ball
1-2: Foul Ball, location: 2F
1-2: Grounds into double play, 1-6-3 (Groundball, 13)
Juan Rodríguez to third
Batting: RHB Alberto Campos 0-0: Called Strike
0-1: Swinging Strike
0-2: Strikes out looking
Top of the 4th over - 0 run(s), 1 hit(s), 0 error(s), 1 left on base; Springfield 0 - Portland 2
BOTTOM OF THE 4TH
Portland Cards batting - Pitching for Springfield Stars : LHP Joaquín Gonzáles
Batting: LHB Tom Blake 0-0: Called Strike
0-1: Ball
1-1: Ball
2-1: Ball
3-1: Base on Balls
Batting: RHB Lonson Seals 0-0: Ball
1-0: Fly out, F7 (Flyball, 7M)
Batting: LHB Donovan Bird 0-0: Ball
1-0: Ball
2-0: Foul Ball, location: 2F
2-1: Called Strike
2-2: Foul Ball, location: 2F
2-2: Foul Ball, location: 2F
2-2: Strikes out looking
Batting: RHB Dani Vázquez 0-0: SINGLE (Line Drive, 4D)
Tom Blake to second
Batting: RHB Germán Rosales 0-0: Called Strike
0-1: Foul Ball, location: 2F
0-2: Fly out, F8 (Popup, 6MD)
Bottom of the 4th over - 0 run(s), 1 hit(s), 0 error(s), 2 left on base; Springfield 0 - Portland 2
TOP OF THE 5TH
Springfield Stars batting - Pitching for Portland Cards : LHP Allan Bader
Batting: LHB Jesús Tobías 0-0: Ball
1-0: Ball
2-0: SINGLE (Groundball, 4)
Batting: RHB Calvin Bennett 0-0: Ball
1-0: Called Strike
1-1: Ball
2-1: Ground out 2-3 (Groundball, 25)
Jesús Tobías to second
Batting: RHB Norberto Taváres 0-0: Swinging Strike
0-1: Ball
1-1: Foul Ball, location: 2F
1-2: Ground out 6-3 (Groundball, 56)
Batting: LHB Derek Davidson 0-0: Foul Ball, location: 2F
0-1: Ground out 4-3 (Groundball, 4)
Top of the 5th over - 0 run(s), 1 hit(s), 0 error(s), 1 left on base; Springfield 0 - Portland 2
BOTTOM OF THE 5TH
Portland Cards batting - Pitching for Springfield Stars : LHP Joaquín Gonzáles
Batting: RHB Aaron Scott 0-0: Called Strike
0-1: Swinging Strike
0-2: Ball
1-2: Ball
2-2: Foul Ball, location: 2F
2-2: Foul Ball, location: 2F
2-2: Ground out 5-3 (Groundball, 5)
Batting: LHB Jeff Daniels 0-0: Ball
1-0: Called Strike
1-1: Ground out 4-3 (Groundball, 4)
Batting: RHB Paco Arellano 0-0: Called Strike
0-1: Fly out, F3 (Popup, 23F)
Bottom of the 5th over - 0 run(s), 0 hit(s), 0 error(s), 0 left on base; Springfield 0 - Portland 2
TOP OF THE 6TH
Springfield Stars batting - Pitching for Portland Cards : LHP Allan Bader
Batting: LHB Felipe Guerrero 0-0: Foul Ball, location: 2F
0-1: Foul Ball, location: 2F
0-2: Strikes out swinging
Batting: RHB Juan Rodríguez 0-0: Ground out 4-3 (Groundball, 4)
Batting: SHB Shane Hutchinson 0-0: Called Strike
0-1: Ground out 6-3 (Groundball, 6)
Top of the 6th over - 0 run(s), 0 hit(s), 0 error(s), 0 left on base; Springfield 0 - Portland 2
BOTTOM OF THE 6TH
Portland Cards batting - Pitching for Springfield Stars : LHP Joaquín Gonzáles
Batting: LHB Paul Mullins 0-0: Ball
1-0: Called Strike
1-1: SINGLE (Groundball, 34D)
Batting: LHB Tom Blake 0-0: Swinging Strike
0-1: Ball
1-1: Ball
2-1: Foul Ball, location: 2F
2-2: Grounds into double play, 1-4-3 (Groundball, 15)
Batting: RHB Lonson Seals 0-0: Ball
1-0: Swinging Strike
1-1: SINGLE (Groundball, 34)
Pitching: RHP Jorge Delgado
Batting: LHB Donovan Bird 0-0: Ball
Lonson Seals steals 2nd base
1-0: Called Strike
1-1: Ball
2-1: Called Strike
2-2: DOUBLE (Line Drive, 3L)
Lonson Seals scores
Batting: RHB Dani Vázquez 0-0: Called Strike
0-1: Foul Ball, location: 2F
0-2: Foul Ball, location: 2F
0-2: Foul Ball, location: 2F
0-2: Ball
1-2: Ball
2-2: Ball
3-2: Foul Ball, location: 2F
3-2: Ground out 4-3 (Groundball, 4)
Bottom of the 6th over - 1 run(s), 3 hit(s), 0 error(s), 1 left on base; Springfield 0 - Portland 3
TOP OF THE 7TH
Springfield Stars batting - Pitching for Portland Cards : LHP Allan Bader
Batting: LHB Ryan Drake 0-0: Ball
1-0: Called Strike
1-1: SINGLE (Groundball, 3L)
Pitching: RHP Armen Boyajian
Batting: RHB Alberto Campos 0-0: SINGLE (Groundball, 4MD)
Ryan Drake to second
Runner from 2nd tries for 3rd, SAFE, throw made to third
Batting: LHB Jesús Tobías 0-0: Ball
1-0: Ball
2-0: Fly out, F7 (Flyball, 78M)
Runner from 3rd tags up, SCORES, throw made
Batting: RHB Calvin Bennett 0-0: Called Strike
0-1: Ball
1-1: Ball
2-1: Foul Ball, location: 2F
2-2: Strikes out swinging
Batting: RHB Norberto Taváres 0-0: Fielders Choice at 2nd, 5-4 (Groundball, 56)
Top of the 7th over - 1 run(s), 2 hit(s), 0 error(s), 0 left on base; Springfield 1 - Portland 3
BOTTOM OF THE 7TH
Portland Cards batting - Pitching for Springfield Stars : RHP Jorge Delgado
Batting: RHB Germán Rosales 0-0: Called Strike
0-1: Foul Ball, location: 2F
0-2: Fly out, F9 (Flyball, 9D)
Batting: RHB Aaron Scott 0-0: Called Strike
0-1: Swinging Strike
0-2: Strikes out swinging
Batting: LHB Jeff Daniels 0-0: Ball
1-0: SINGLE (Line Drive, 34D)
Batting: RHB Paco Arellano 0-0: Called Strike
0-1: Ball
1-1: Foul Ball, location: 2F
1-2: Foul Ball, location: 2F
1-2: Ball
2-2: Strikes out swinging
Bottom of the 7th over - 0 run(s), 1 hit(s), 0 error(s), 1 left on base; Springfield 1 - Portland 3
TOP OF THE 8TH
Springfield Stars batting - Pitching for Portland Cards : RHP Armen Boyajian
Batting: LHB Derek Davidson 0-0: Ball
1-0: Ball
2-0: Fly out, F6 (Popup, 56D)
Batting: LHB Felipe Guerrero 0-0: Foul Ball, location: 2F
0-1: Swinging Strike
0-2: Foul Ball, location: 2F
0-2: Ball
1-2: Ball
2-2: Strikes out looking
Batting: RHB Juan Rodríguez 0-0: Called Strike
0-1: Foul Ball, location: 2F
0-2: Ground out 5-3 (Groundball, 56)
Top of the 8th over - 0 run(s), 0 hit(s), 0 error(s), 0 left on base; Springfield 1 - Portland 3
BOTTOM OF THE 8TH
Portland Cards batting - Pitching for Springfield Stars : RHP Jorge Delgado
Batting: LHB Paul Mullins 0-0: Called Strike
0-1: SINGLE (Line Drive, 7S)
Batting: LHB Tom Blake 0-0: Sac Bunt - play at second, runner OUT -> throw to first, DP!
Batting: RHB Lonson Seals 0-0: Ground out 6-3 (Groundball, 6MS)
Bottom of the 8th over - 0 run(s), 1 hit(s), 0 error(s), 0 left on base; Springfield 1 - Portland 3
TOP OF THE 9TH
Springfield Stars batting - Pitching for Portland Cards : RHP Armen Boyajian
Pitching: RHP Steve Griffin
Batting: SHB Shane Hutchinson 0-0: Foul Ball, location: 2F
0-1: Swinging Strike
0-2: Ball
1-2: Ball
2-2: Ball
3-2: DOUBLE (Flyball, 78XD)
Batting: LHB Ryan Drake 0-0: Ground out 3-1 (Groundball, 34S)
Shane Hutchinson to third
Batting: RHB Alberto Campos 0-0: Ball
1-0: Ground out 4-3 (Groundball, 4MS)
Shane Hutchinson scores
Batting: LHB Jesús Tobías 0-0: Ball
1-0: Ground out U3 (Groundball, 3L)
Top of the 9th over - 1 run(s), 1 hit(s), 0 error(s), 0 left on base; Springfield 2 - Portland 3
Monday, December 5th, 2016 - OOTP Baseball 17.12 Build 75